 Dungeon Crawl Stone Soup version 0.31-a0-325-g067879e3d3 (webtiles) character file.

Game seed: 13716703858196852427

109 AdnanSaban the Covered (level 4, -6/29 HPs)
             Began as a Gargoyle Fighter on July 18, 2023.
             Mangled by an ogre
             ... wielding a +0 giant club
              (26 damage)
             ... on level 3 of the Dungeon.
             The game lasted 00:03:17 (2334 turns).

AdnanSaban the Covered (Gargoyle Fighter)           Turns: 2334, Time: 00:03:18

Health: -6/29      AC: 17    Str: 21    XL:     4   Next: 90%
Magic:  4/4        EV:  8    Int:  9    God:
Gold:   95         SH:  4    Dex:  9    Spells: 3/3 levels left

rFire   . . .        a - +0 flail
rCold   . . .        c - +0 buckler
rNeg    + . .        l - +0 chain mail
rPois   ∞            (no helmet)
rElec   +            (no cloak)
rCorr   .            (no gloves)
SInv    .            (no boots)
Will    .....        (no amulet) Stlth
                     g - +4 ring of protection
HPRegen 0.24/turn    (no ring)
MPRegen 0.09/turn

%: no passive effects
@: no status effects
A: sickness immunity, AC +3, negative energy resistance 1, electricity
resistance, torment resistance 1, petrification resistance
a: no special abilities


You were on level 3 of the Dungeon.
You visited 1 branch of the dungeon, and saw 3 of its levels.

You collected 95 gold pieces.

Inventory:

Hand Weapons
 a - a +0 flail (weapon)
Armour
 c - a +0 buckler (worn)
 l - a +0 chain mail (worn)
Jewellery
 g - a +4 ring of protection (left hand)
Scrolls
 f - a scroll of identify {unknown}
 i - a scroll of torment {unknown}
 j - a scroll of poison {unknown}
 m - a scroll of teleportation {unknown}
Potions
 b - 2 potions of mutation {unknown}
 d - a potion of might
 e - a potion of magic {unknown}
 h - 2 potions of resistance {unknown}
 k - a potion of enlightenment {unknown}


   Skills:
 + Level 3.8 Fighting
 + Level 3.4 Maces & Flails
 + Level 4.0 Armour
 + Level 4.0 Shields


You had 3 spell levels left.
You didn't know any spells.
Your spell library contained the following spells:

 Spells                   Type           Power      Damage    Failure   Level
 Apportation              Tloc           0%         N/A       98%         1
 Alistair's Intoxication  Tmut/Pois      0%         N/A       100%        5


Dungeon Overview and Level Annotations

Branches:
Dungeon (3/15)

Altars:


Innate Abilities, Weirdness & Mutations

You are immune to sickness and miasma.
Your stone body is resilient. (AC +3)
You are immune to poison.
You resist negative energy. (rN+)
You are resistant to electric shocks. (rElec)
You are resistant to unholy torment.
You are immune to petrification.


Message History

No target in view!
No target in view!
No target in view!
No target in view!
No target in view!
No target in view!
No target in view!
No target in view!
No target in view!
No target in view!
b - 2 blue potions
Found a stone staircase leading down.
Found 5 javelins.
m - a scroll labelled GOIDANT KOUL You see here 5 javelins.
An orc comes into view. It is wielding a +0 falchion.
The orc shouts!
The orc closely misses you.
You hit the orc.
The orc is heavily wounded.
The orc hits you with a +0 falchion. The orc barely misses you.
You hit the orc.
The orc is severely wounded.
You block the orc's attack.
You barely miss the orc.
The orc is severely wounded.
The orc hits you but does no damage.
You thump the orc!
You kill the orc!
No target in view!
An ogre is nearby!
You closely miss the ogre. You block the ogre's attack.
You hit the ogre.
The ogre is moderately wounded.
The ogre hits you with a +0 giant club!
You hit the ogre.
The ogre is moderately wounded.
The ogre hits you with a +0 giant club!!
Ouch! That really hurt!
You die...

O##>#.....#....## #.............
.##.##.......#### #.............
.#..##..........####.........#..>
...###....#.....#......########..
..## #....#.....#......# ### .##
##..........#......#
.####.....##...........#
.##.......##...O#......#
###.########....@......#####
....# #....#..........##### .####
#....#.....####.....# ...###
######.....#####....# ##...#
##...........#### ####.######
#..#...####### ..........#
###.#....###
.......)..####..........#
#######.K...##....).....#


You could see an ogre.

Vanquished Creatures
  3 adders
  A worm (D:2)
  2 dart slugs
  2 orcs
  13 bats
  6 endoplasms
  2 giant cockroaches (D:2)
  9 hobgoblins
  2 jackals (D:2)
  6 quokkas
  8 ball pythons
  2 frilled lizards
  2 goblins (D:1)
  9 kobolds
  5 rats
72 creatures vanquished.

Notes
Turn   | Place    | Note
-------+----------+-------------------------------------------
     0 | D:1      | AdnanSaban the Gargoyle Fighter began the quest for the
                  | Orb.
     0 | D:1      | Reached XP level 1. HP: 14/14 MP: 1/1
   123 | D:1      | Reached XP level 2. HP: 19/19 MP: 2/2
   376 | D:1      | Reached XP level 3. HP: 12/23 MP: 3/3
  1259 | D:2      | Reached XP level 4. HP: 29/29 MP: 4/4
  1275 | D:2      | Identified the +5 dagger "Killer Bee's Bane" {heavy, Drain
                  | rPois rC+ Stlth+}
  1887 | D:3      | Noticed an ogre
  2334 | D:3      | Mangled by an ogre

Illustrated notes

Levels and vault maps discovered:
D:1:      giann_horns, layout_basic
D:2:      layout_basic
D:3:      layout_rooms, uniq_terence

Skill      XL: |  1  2  3  4 |
---------------+-------------+-----
Maces & Flails | 3 |  3.4
Armour         | 4 |  4.0
Shields        | 4 |  4.0
Fighting       | |  3.8

Action                     |  1- 3 |  4- 6 || total
---------------------------+-------+-------++-------
  Melee: Flail             |   139 |   111 ||   250
 Armour: Scale mail        |   104 |    86 ||   190
         Chain mail        |       |     4 ||     4
  Dodge: Dodged            |    94 |    75 ||   169
  Block: Buckler           |    32 |    47 ||    79

Table legend: (Time is in decaauts)
 A = Elapsed time spent in this place.
 B = Non-inter-level travel time spent in this place.
 C = Inter-level travel time spent in this place.
 D = Time resting spent in this place.
 E = Time spent auto-exploring this place.
 F = Levels seen in this place.
 G = Mean time per level.
                   A        B        C        D        E       F      G
               +--------+--------+--------+--------+--------+-----+--------+
         Total |   2408 |   2321 |     87 |     76 |   1625 |   3 |  802.7 |
       Dungeon |   2408 |   2321 |     87 |     76 |   1625 |   3 |  802.7 |
               +--------+--------+--------+--------+--------+-----+--------+

Top non-repeatable levels by time:
     D:2: 953 daAuts
     D:1: 950 daAuts
     D:3: 505 daAuts
